 Dungeon Crawl Stone Soup version 0.30.0-5-g1a98f26d00 (webtiles) character file.

Game seed: 5139182418320993157

371 jasper the Stinger (level 6, -5/28 HPs)
             Began as a Spriggan Venom Mage on May 12, 2023.
             Slain by Grinder (7 damage)
             ... while paralysed by Grinder
             ... on level 3 of the Dungeon.
             The game lasted 00:06:19 (3068 turns).

jasper the Stinger (Spriggan Venom Mage)            Turns: 3068, Time: 00:06:20

Health: -5/28      AC:  2    Str:  4    XL:     6   Next: 42%
Magic:  11/11      EV:  4    Int: 18    God:
Gold:   73         SH:  0    Dex: 16    Spells: 0/10 levels left

rFire   . . .        g - +2 short sword (holy)
rCold   . . .        n - +0 buckler
rNeg    . . .        a - +0 robe
rPois   .            (helmet restricted)
rElec   .            (no cloak)
rCorr   .            (gloves unavailable)
SInv    +            (boots unavailable)
Will    +....        (no amulet)
Stlth   ++           (no ring)
HPRegen 0.24/turn    (no ring)
MPRegen 0.12/turn

%: no passive effects
@: paralysed, very quick
A: very small, no large weapons, unfitting armour, see invisible, speed 3
a: no special abilities


You were on level 3 of the Dungeon.
You visited 1 branch of the dungeon, and saw 4 of its levels.

You collected 73 gold pieces.

Inventory:

Hand Weapons
 e - a +0 dagger
 g - a +2 short sword of holy wrath (weapon)
Missiles
 j - 4 boomerangs
 o - 2 throwing nets
Armour
 a - a +0 robe (worn)
 n - a +0 buckler (worn)
Scrolls
 d - 2 scrolls of identify {unknown}
 h - a scroll of poison {unknown}
 i - a scroll of butterflies {unknown}
 k - a scroll of fear {unknown}
 m - a scroll of teleportation {unknown}
 q - a scroll of immolation {unknown}
Potions
 b - a potion of magic
 c - a potion of invisibility {unknown}
 f - a potion of mutation {unknown}
 l - a potion of lignification {unknown}
 p - a potion of haste {unknown}
 r - a potion of curing {unknown}
 s - a potion of degeneration {unknown}
 t - a potion of might {unknown}


   Skills:
 + Level 0.0 Fighting
 + Level 2.6 Dodging
 + Level 3.0 Stealth
 + Level 0.0 Shields
 * Level 2.6 Spellcasting
 - Level 1.0 Conjurations
 - Level 1.3 Transmutations
 - Level 1.0 Air Magic
 - Level 7.0 Poison Magic


You couldn't memorise any spells.
You knew the following spells:

 Your Spells              Type           Power      Damage    Failure   Level
a - Sting                 Tmut/Pois      68%        1d6       6%          1
b - Poisonous Vapours     Pois/Air       32%        N/A       10%         2
c - Mephitic Cloud        Conj/Pois/Air  13%        N/A       30%         3
d - Olgreb's Toxic Radia  Pois           27%        N/A       19%         4

Your spell library contained the following spells:

 Spells                   Type           Power      Damage    Failure   Level
 Hailstorm                Conj/Ice       4%         3d4       63%         3
 Ice Form                 Ice/Tmut       4%         N/A       95%         4
 Simulacrum               Ice/Necr       1%         N/A       100%        6


Dungeon Overview and Level Annotations

Branches:
Dungeon (4/15)
 Temple: D:4-7

Altars:
Makhleb

Shops:
D:4 (

Annotations:
D:3 Grinder


Innate Abilities, Weirdness & Mutations

You are very small and have problems with some larger weapons.
You are too small for most types of armour.
You have supernaturally acute eyesight. (SInv)
You cover ground extremely quickly. (Speed+++)


Message History

Confirm with . or Enter, or press ? or * to list all spells.
Okay, then.
You see here a quokka corpse.
t - a coppery potion MP restored: 11 Done exploring.
Done exploring.
Done exploring.
You see here a +0 dagger.
There is a stone staircase leading down here.
Casting: Poisonous Vapours (safe; 4% risk of failure)
Confirm with . or Enter, or press ? or * to list all spells.
Okay, then.
You start putting on your armour.
You continue putting on your +0 buckler. x4
You finish putting on your +0 buckler.
Casting: Poisonous Vapours (safe; 10% risk of failure)
Confirm with . or Enter, or press ? or * to list all spells.
Okay, then.
You climb downwards.
Grinder shouts!
Grinder gestures at you. You resist with significant effort.
Found 4 stones.
There is a stone staircase leading up here.
Okay, then.
Grinder gestures at you.
You suddenly lose the ability to move!
You stop ascending the stairs.
Grinder hits you.
You writhe in agony.
An endoplasm comes into view.
Grinder blinks!
The endoplasm hits you. Grinder hits you!
* * * LOW HITPOINT WARNING * * *
You writhe in agony.
* * * LOW HITPOINT WARNING * * *
The endoplasm freezes you.
You are frozen.
* * * LOW HITPOINT WARNING * * *
Grinder hits you!
You die...

#.# #.# #.#
#########
####.##.J......
.......@#
####.###5.# .##
.# (# .# .# ..


You could see Grinder and an endoplasm.

Vanquished Creatures
  Edmund (D:4)
  An ogre (D:4)
  A scorpion (D:4)
  A hound (D:4)
  2 adders
  2 worms
  3 orcs (D:3)
  A bat (D:1)
  2 endoplasms (D:1)
  3 giant cockroaches
  6 goblins
  6 hobgoblins
  6 quokkas
  7 ball pythons
  2 frilled lizards (D:1)
  5 kobolds
  7 rats
56 creatures vanquished.

Notes
Turn   | Place    | Note
-------+----------+-------------------------------------------
     0 | D:1      | jasper the Spriggan Venom Mage began the quest for the Orb.
     0 | D:1      | Reached XP level 1. HP: 9/9 MP: 5/5
   324 | D:1      | Reached XP level 2. HP: 13/13 MP: 4/6
   338 | D:1      | Learned a level 2 spell: Poisonous Vapours
   817 | D:1      | Reached skill level 4 in Poison Magic
  1054 | D:1      | Reached XP level 3. HP: 16/16 MP: 6/8
  1232 | D:1      | Learned a level 3 spell: Mephitic Cloud
  1757 | D:2      | You fall into a shaft and drop 2 floors!
  1770 | D:4      | Found Isivi's Antique Weapon Boutique.
  1771 | D:4      | Noticed Edmund
  1780 | D:4      | Noticed a scorpion
  1876 | D:4      | Killed Edmund
  1877 | D:4      | Reached skill level 5 in Poison Magic
  1877 | D:4      | Reached XP level 4. HP: 21/21 MP: 1/9
  1877 | D:4      | Reached XP level 5. HP: 24/24 MP: 1/10
  1966 | D:4      | Reached skill level 6 in Poison Magic
  1976 | D:4      | Found a burning altar of Makhleb.
  2015 | D:4      | Noticed an ogre
  2038 | D:4      | Killed an ogre
  2039 | D:4      | Reached skill level 7 in Poison Magic
  2039 | D:4      | Reached XP level 6. HP: 19/28 MP: 0/11
  2044 | D:4      | Learned a level 4 spell: Olgreb's Toxic Radiance
  2228 | D:4      | Reached skill level 1 in Conjurations
  3000 | D:2      | Reached skill level 1 in Air Magic
  3063 | D:3      | Noticed Grinder
  3064 | D:3      | Paralysed by Grinder for 5 turns
  3068 | D:3      | Slain by Grinder

Illustrated notes

Levels and vault maps discovered:
D:1:      dpeg_chamrin_arrival_tetris, layout_basic
D:2:      layout_basic
D:3:      layout_loops_corners, evilmike_ruin_ashenzari, hangedman_decor_push,
          minmay_checkerbox, uniq_grinder
D:4:      minmay_chambers_of_twos, layout_basic, makhleb_heckhound_becter,
          serial_shops, nicolae_stop_n_shop_2, uniq_edmund

Skill      XL: |  1  2  3  4  5  6 |
---------------+-------------------+-----
Poison Magic   | 4 5 7 |  7.0
Conjurations   | 1 |  1.0
Air Magic      | 1 |  1.0
Dodging        | |  2.6
Stealth        | |  3.0
Spellcasting   | |  2.6
Transmutations | |  1.3

Action                     |  1- 3 |  4- 6 || total
---------------------------+-------+-------++-------
  Melee: Dagger            |     4 |       ||     4
         Short sword       |     7 |    15 ||    22
  Throw: Boomerang         |     3 |       ||     3
   Cast: Sting             |    56 |    10 ||    66
         Poisonous Vapours |    20 |    26 ||    46
         Olgreb's Toxic Ra |       |     1 ||     1
 Armour: Robe              |     1 |     2 ||     3
  Dodge: Dodged            |     6 |     8 ||    14
